 Dungeon Crawl Stone Soup version 0.30.0 (webtiles) character file.

Game seed: 17032086280439926392

8888 CrazyBamboolord the Basher (level 11, -4/92 HPs)
             Began as a Black Draconian Artificer on May 6, 2023.
             Was a Believer of Vehumet.
             Slain by a boulder beetle (36 damage)
             ... on level 11 of the Dungeon.
             The game lasted 00:24:48 (11642 turns).

CrazyBamboolord the Basher (DrAr)                  Turns: 11642, Time: 00:24:49

Health: -4/92      AC: 11    Str: 20    XL:     11   Next: 15%
Magic:  11/17      EV: 15    Int: 15    God:    Vehumet [**....]
Gold:   658        SH:  0    Dex: 13    Spells: 10/19 levels left

rFire   . . .        a - +4 morningstar (freeze)
rCold   . . .        G - orb {light}
rNeg    . . .        (body armour unavailable)
rPois   +            I - +1 hat
rElec   +            y - +2 cloak {rPois}
rCorr   .            (no gloves)
SInv    .            (no boots)
Will    +....        L - amulet of regeneration
Stlth   +            f - +6 ring of strength
HPRegen 1.15/turn    m - ring of willpower
MPRegen 0.15/turn

%: no passive effects
@: about to teleport, short of breath, glowing
A: breathe lightning, AC +7, unfitting armour, electricity resistance,
cold-blooded
a: Breathe Lightning, Renounce Religion


You were on level 11 of the Dungeon.
You worshipped Vehumet.
Vehumet was pleased with you.
You visited 2 branches of the dungeon, and saw 12 of its levels.
You also visited: Sewer.

You collected 898 gold pieces.
You spent 240 gold pieces at shops.

Inventory:

Hand Weapons
 a - a +4 morningstar of freezing (weapon)
 b - a +1 mace of holy wrath
Armour
 y - a +2 cloak of poison resistance (worn)
 G - an orb of light (worn)
 I - a +1 hat (worn)
Jewellery
 f - a +6 ring of strength (left hand)
 m - a ring of willpower (right hand)
 v - a ring of poison resistance
 L - an amulet of regeneration (around neck)
Wands
 c - a wand of charming (11)
 d - a wand of iceblast (3)
 h - a wand of mindburst (9)
 j - a wand of digging (2)
 x - a wand of paralysis (12)
 B - a wand of polymorph (9)
Scrolls
 i - a scroll of teleportation
 l - 2 scrolls of fog
 n - 2 scrolls of blinking {unknown}
 r - a scroll of amnesia {unknown}
 A - 3 scrolls of vulnerability {unknown}
 C - 2 scrolls of torment {unknown}
 D - a scroll of fear {unknown}
 E - 2 scrolls of immolation {unknown}
 F - 2 scrolls of magic mapping {unknown}
Potions
 e - 5 potions of curing
 g - 5 potions of flight
 k - 3 potions of magic
 o - 4 potions of haste
 p - 3 potions of attraction
 q - 2 potions of heal wounds
 s - 3 potions of degeneration {unknown}
 t - 3 potions of ambrosia {unknown}
 u - a potion of might {unknown}
 w - 2 potions of brilliance {unknown}
 z - a potion of berserk rage {unknown}
 H - 2 potions of mutation {unknown}
 J - a potion of lignification {unknown}
Miscellaneous
 K - a condenser vane
 M - a box of beasts


   Skills:
 * Level 7.4 Fighting
 * Level 10.1 Maces & Flails
 * Level 7.2 Dodging
 - Level 1.0 Stealth
 * Level 4.5 Spellcasting
 * Level 3.9 Conjurations
 * Level 3.8 Translocations
 * Level 2.3 Fire Magic
 * Level 6.4 Evocations


You had 10 spell levels left.
You knew the following spells:

 Your Spells              Type           Power      Damage    Failure   Level
a - Gell's Gravitas       Tloc           14%        N/A       11%         3
b - Teleport Other        Tloc           14%        N/A       11%         3
c - Foxfire               Conj/Fire      48%        2x1d6     4%          1
d - Momentum Strike       Conj/Tloc      30%        3d8       5%          2

Your spell library contained the following spells:

 Spells                   Type           Power      Damage    Failure   Level
 Portal Projectile        Hex/Tloc       18%        N/A       24%         3
 Tukima's Dance           Hex            3%         N/A       45%         3
 Olgreb's Toxic Radiance  Pois           3%         N/A       86%         4
 Blade Hands              Tmut           1%         N/A       99%         5
 Dispersal                Tloc           7%         N/A       99%         6
 Discord                  Hex            1%         N/A       100%        8
 Ignition                 Fire           5%         3d4       100%        8


Dungeon Overview and Level Annotations

Branches:
Dungeon (11/15)            Temple (1/1) D:6            Lair (0/5) D:11
  Sewer (visited)
    Orc: D:9-12

Altars:
Ashenzari
Cheibriados
Dithmenos
Elyvilon
Fedhas
Gozag
Hepliaklqana
Kikubaaqudgha
Makhleb
Nemelex Xobeh
Okawaru
Qazlal
Ru
Sif Muna
Trog
Uskayaw
Vehumet
Wu Jian
Xom
Yredelemnul
Zin
The Shining One

Shops:
D:5 *

Annotations:
D:8 4 runed translucent doors


Innate Abilities, Weirdness & Mutations

You can breathe wild blasts of lightning.
Your glossy black scales are hard. (AC +7)
You cannot fit into any form of body armour.
You are resistant to electric shocks. (rElec)
You are cold-blooded and may be slowed by cold attacks.


Message History

Press: ? - help, Q - select action, (/) - cycle Dir - look around, f - activate You breathe a wild blast of lightning!
The orb of electricity explodes! x2
The orb of electricity engulfs the boulder beetle!
The boulder beetle is lightly wounded.
The orb of electricity engulfs the cyclops!!
The cyclops is heavily wounded.
You hear a howl! x2
The cyclops barely misses you.
Unknown command.
You bludgeon the cyclops!! You freeze the cyclops!
The cyclops is almost dead.
You thump the cyclops! You freeze the cyclops.
You kill the cyclops!
Vehumet accepts your kill. The boulder beetle barely misses you.
Unknown command.
You hit the boulder beetle but do no damage.
The boulder beetle is lightly wounded.
The cyclops throws a large rock.
The large rock hits you. The boulder beetle bites you.
Unknown command.
Casting: Momentum Strike (safe; 5% risk of failure)
Confirm with . or Enter, or press ? or * to list all spells.
Aiming: Teleport Other (dangerous; 11% risk of failure)
Press: ? - help, Shift-Dir - straight line, f - boulder beetle
Aim: a boulder beetle (lightly wounded, haloed, chance to affect: 36%)
The boulder beetle easily resists.
The boulder beetle bites you!!
Unknown command.
Casting: Teleport Other (dangerous; 11% risk of failure)
Confirm with . or Enter, or press ? or * to list all spells.
Aiming: Teleport Other (dangerous; 11% risk of failure)
Press: ? - help, Shift-Dir - straight line, f/p - boulder beetle
Aim: a boulder beetle (lightly wounded, haloed, chance to affect: 36%)
The boulder beetle easily resists.
The two-headed ogre closely misses you. The two-headed ogre barely misses you.
The boulder beetle bites you!!
Unknown command.
The boulder beetle curls into a ball and begins rolling!
As you read the scroll of teleportation, it crumbles to dust.
You feel strangely unstable. The boulder beetle hits you!!!
You die...

######.####.## #####.#
#.# ..###..... . #.#
##.##.....# C # #.#
#..#..#.#.# #.#.#
#.####.#)......#.#....
#.##.....(°#...C.....#
##.##.#..h○....##.##...
##...#.##.BO###.#...#.##
#......##.#@#!....[....$
##...#.##...###.#...#.##
##.##.##.#.....##.##...
......##....#.........#
.##.########.....#.#....
#. ##+## ##..#.# #.#.. #
##...## #..†[# . #
##.....## #.##.....## #
##.......## ##.###.#.##


You could see a boulder beetle (rolling), a two-headed ogre and a wolf.

Vanquished Creatures
  Sonja (D:11)
  2 cyclopes (D:11)
  2 gargoyles
  Maggie (D:7)
  A troll (D:10)
  2 hornets
  Prince Ribbit (D:7)
  Sigmund (D:2)
  8 yaks
  A shadow (D:10)
  2 wyverns
  A wraith (D:11)
  Eustachio (D:6)
  2 vampire mosquitoes (D:9)
  3 water moccasins
  An acid dragon (D:11)
  Duvessa (D:6)
  5 orc warriors
  An ogre (D:6)
  4 centaurs
  8 bullfrogs
  4 kobold brigands
  2 scorpions
  3 wights
  Dowan (D:6)
  3 howler monkeys
  3 hounds
  2 gnoll boudas
  6 orc priests
  2 jellies
  An iguana (D:5)
  Terence (D:2)
  4 orc wizards
  Robin (D:3)
  12 gnolls
  7 adders
  2 river rats (Sewer)
  A shadow imp (D:8)
  An ufetubus (D:7)
  3 worms
  26 orcs
  5 endoplasms
  7 giant cockroaches
  6 hobgoblins
  7 jackals
  18 kobolds
  4 quokkas
  11 ball pythons
  3 bats
  A frilled lizard (D:3)
  16 goblins
  9 rats
221 creatures vanquished.

Vanquished Creatures (collateral kills)
  A wight (D:9)
1 creature vanquished.

Vanquished Creatures (others)
  A wight (D:9)
  4 foxfires (D:10)
  3 fungi (D:11)
  11 plants (D:11)
19 creatures vanquished.

Grand Total: 241 creatures vanquished

Notes
Turn   | Place    | Note
-------+----------+-------------------------------------------
     0 | D:1      | CrazyBamboolord the Draconian Artificer began the quest for
                  | the Orb.
     0 | D:1      | Reached XP level 1. HP: 16/16 MP: 1/1
   249 | D:1      | Reached skill level 1 in Stealth
   253 | D:1      | Reached XP level 2. HP: 23/23 MP: 2/2
   518 | D:1      | Found a faded altar of an unknown god.
  1208 | D:2      | Noticed Sigmund
  1210 | D:2      | Reached XP level 3. HP: 24/28 MP: 3/3
  1213 | D:2      | Killed Sigmund
  1214 | D:2      | Reached skill level 1 in Maces & Flails
  1214 | D:2      | Reached skill level 1 in Spellcasting
  1214 | D:2      | Reached XP level 4. HP: 14/36 MP: 3/5
  1214 | D:2      | Reached XP level 5. HP: 16/41 MP: 3/6
  1367 | D:2      | Noticed Terence
  1392 | D:2      | Killed Terence
  1856 | D:3      | Reached skill level 2 in Maces & Flails
  1858 | D:3      | Found a sparkling altar of Nemelex Xobeh.
  2025 | D:3      | Found a bloodstained altar of Trog.
  2028 | D:3      | Found a shimmering blue altar of Sif Muna.
  2029 | D:3      | Found a sacrificial altar of Ru.
  2030 | D:3      | Found a stormy altar of Qazlal.
  2030 | D:3      | Found a blossoming altar of Fedhas.
  2034 | D:3      | Found a shadowy altar of Dithmenos.
  2035 | D:3      | Found an ornate altar of the Wu Jian Council.
  2156 | D:3      | Noticed a centaur
  2164 | D:3      | Killed a centaur
  2165 | D:3      | Reached XP level 6. HP: 24/50 MP: 7/7
  2485 | D:3      | Noticed Robin
  2636 | D:3      | Killed Robin
  3034 | D:4      | Found a glowing drain.
  3069 | Sewer    | Entered a sewer
  3268 | Sewer    | Reached skill level 3 in Maces & Flails
  3384 | Sewer    | Your scales start taking on a glossy black colour.
  3384 | Sewer    | Reached XP level 7. HP: 32/57 MP: 9/9
  3384 | Sewer    | Gained mutation: You are resistant to electric shocks.
                  | (rElec) [Black Draconian growth]
  3515 | Sewer    | Found a white marble altar of Elyvilon.
  3937 | D:5      | Entered Level 5 of the Dungeon
  4499 | D:5      | Found Woseysk's Serpentskin Sales.
  4502 | D:5      | Reached skill level 4 in Maces & Flails
  4504 | D:5      | Bought a ring of poison resistance for 240 gold pieces
  4879 | D:5      | Reached skill level 5 in Dodging
  5106 | D:6      | Noticed Eustachio
  5118 | D:6      | Killed Eustachio
  5119 | D:6      | Reached XP level 8. HP: 49/66 MP: 11/11
  5274 | D:6      | Reached skill level 5 in Maces & Flails
  5384 | D:6      | Learned a level 3 spell: Gell's Gravitas
  5388 | D:6      | Learned a level 3 spell: Teleport Other
  5983 | D:6      | Found a snail-covered altar of Cheibriados.
  6001 | D:6      | Reached skill level 5 in Evocations
  6095 | D:6      | Found a staircase to the Ecumenical Temple.
  6141 | Temple   | Entered the Ecumenical Temple
  6166 | Temple   | Became a worshipper of Vehumet
  6354 | D:6      | Noticed Dowan
  6355 | D:6      | Noticed Duvessa
  6360 | D:6      | Killed Dowan
  6360 | D:6      | Killed Duvessa
  6549 | D:6      | Reached skill level 1 in Translocations
  6863 | D:7      | Noticed a gargoyle
  6886 | D:7      | Killed a gargoyle
  6887 | D:7      | Reached skill level 5 in Fighting
  6887 | D:7      | Reached skill level 6 in Maces & Flails
  6887 | D:7      | Reached skill level 1 in Conjurations
  6887 | D:7      | Reached XP level 9. HP: 59/74 MP: 13/13
  7077 | D:7      | Noticed Maggie
  7097 | D:7      | Killed Maggie
  7274 | D:7      | Found a basalt altar of Yredelemnul.
  7524 | D:7      | Noticed Prince Ribbit
  7718 | D:7      | Killed Prince Ribbit
  8078 | D:7      | Reached skill level 7 in Maces & Flails
  8521 | D:8      | Found a huge runed translucent gate.
  8522 | D:8      | Found a huge runed translucent gate.
  8522 | D:8      | Noticed a polar bear
  8523 | D:8      | Found a huge runed translucent gate.
  8523 | D:8      | Noticed a polar bear
  8523 | D:8      | Noticed a polar bear
  8523 | D:8      | Noticed a polar bear
  8523 | D:8      | Noticed a manticore
  8523 | D:8      | Noticed a polar bear
  8524 | D:8      | Found a huge runed translucent gate.
  8524 | D:8      | Noticed a death yak
  8740 | D:8      | Reached * piety under Vehumet
  8740 | D:8      | Offered knowledge of Foxfire by Vehumet.
  9202 | D:8      | Reached skill level 8 in Maces & Flails
  9233 | D:8      | Reached XP level 10. HP: 83/83 MP: 15/15
  9917 | D:9      | Learned a level 1 spell: Foxfire
  9925 | D:9      | Identified the +4 long sword of the Mind {freeze, Dex+2}
 10584 | D:10     | Entered Level 10 of the Dungeon
 10722 | D:10     | Reached skill level 1 in Fire Magic
 10764 | D:10     | Noticed a gargoyle
 10774 | D:10     | Killed a gargoyle
 10793 | D:10     | Reached skill level 9 in Maces & Flails
 10814 | D:10     | Offered knowledge of Momentum Strike by Vehumet.
 10818 | D:10     | Reached ** piety under Vehumet
 10823 | D:10     | Learned a level 2 spell: Momentum Strike
 10867 | D:10     | Found a hazy altar of Hepliaklqana.
 11358 | D:11     | Noticed a cyclops
 11365 | D:11     | Killed a cyclops
 11419 | D:11     | Reached XP level 11. HP: 92/92 MP: 17/17
 11456 | D:11     | Noticed a boulder beetle
 11465 | D:11     | Noticed a two-headed ogre
 11465 | D:11     | Noticed Sonja
 11472 | D:11     | Found a staircase to the Lair.
 11475 | D:11     | Killed Sonja
 11622 | D:11     | Reached skill level 10 in Maces & Flails
 11642 | D:11     | Slain by a boulder beetle

Illustrated notes

Levels and vault maps discovered:
D:1:      dpeg_arrival_yet_another_circle, layout_loops_ring,
          shapermc_ecumenical_altar_starsandcircs, minmay_misc_feat_nine_boxes
D:2:      layout_basic, chequers_serial_rivers_small_a, uniq_terence,
          uniq_sigmund
D:3:      layout_basic, nemelex_dance_club_becter, minitemple, serial_glass,
          glass_columns_a, glass_columns_c, st_stairs_5, uniq_robin
D:4:      layout_rooms, gup_sewer_entry_pipe
D:5:      layout_basic, guppyfry_shop_venom
D:6:      layout_loops_corners, slow_altar_1, minmay_temple_entry_antechambers,
          kennysheep_generic_room_9, uniq_eustachio, uniq_duvessa
D:7:      layout_basic, nicolae_overflow_hidden_temple, uniq_maggie,
          uniq_prince_ribbit1
D:8:      lemuel_bear_cage, layout_layer_cave, roderic_nine_men_s_morris,
          nicolae_two_hexagons
D:9:      layout_layer_cave, nicolae_straight_to_the_point
D:10:     layout_basic, mainiacjoe_overflow_surrounded_room
D:11:     layout_loops_corners, minmay_lair_entry_grove, orc_0_dummy,
          minmay_misc_feat_columns, minmay_fractal_squares_5, uniq_sonja
Temple:   nicolae_temple_ecumenical_triangle

Skill      XL: |  1  2  3  4  5  6  7  8  9 10 11 |
---------------+----------------------------------+-----
Stealth        | 1 |  1.0
Fighting       | 2 3 5 6 7 |  7.4
Maces & Flails | 1 2 3 4 6 8 9 10 | 10.1
Dodging        | 3 4 5 6 7 |  7.2
Spellcasting   | 1 2 3 4 |  4.5
Evocations     | 4 5 6 |  6.4
Translocations | 1 2 3 |  3.8
Conjurations   | 1 2 3 |  3.9
Fire Magic     | 2 |  2.3

Action                     |  1- 3 |  4- 6 |  7- 9 | 10-12 || total
---------------------------+-------+-------+-------+-------++-------
  Melee: Club              |    70 |       |       |       ||    70
         Tailslap          |     7 |    22 |    47 |    24 ||   100
         Punch             |     3 |     2 |       |       ||     5
         Mace              |    12 |   231 |   285 |     2 ||   530
         Morningstar       |       |       |       |   128 ||   128
   Cast: Momentum Strike   |       |       |       |     3 ||     3
         Foxfire           |       |       |       |     2 ||     2
         Teleport Other    |       |       |       |     2 ||     2
Ability: Breathe Lightning |       |       |    19 |     8 ||    27
  Evoke: Wand              |     5 |     8 |    15 |     4 ||    32
    Use: Scroll            |       |     5 |     5 |     6 ||    16
         Potion            |       |       |     1 |       ||     1
   Stab: Sleeping          |     2 |     3 |       |       ||     5
         Paralysed         |       |       |    13 |       ||    13
 Armour: Skin              |    34 |    96 |   109 |    48 ||   287
  Dodge: Dodged            |    73 |   201 |   236 |   103 ||   613
